 Dungeon Crawl Stone Soup version 0.31-a0-214-gb37851dbb3 (webtiles) character file.

Game seed: 16008111207674739449

177761 qw the Severer (level 18, -4/114 HPs)
             Began as a Gargoyle Fighter on July 1, 2023.
             Was an Elder of Okawaru.
             Slain by an eight-headed hydra (18 damage)
             ... on level 4 of the Swamp.
             The game lasted 00:17:42 (26758 turns).

qw the Severer (Gargoyle Fighter)                  Turns: 26758, Time: 00:17:43

Health: -4/114     AC: 49    Str: 27      XL:     18   Next: 17%
Magic:  25/25      EV: 17    Int:  9 (10) God:    Okawaru [****..]
Gold:   1274       SH: 22    Dex: 13      Spells: 17/17 levels left

rFire   . . .        D - +8 broad axe of Upheaval {venom, rC+ rN+ Dex-3}
rCold   + + .        K - +0 tower shield
rNeg    + + .        n - +3 plate armour {rC+}
rPois   inf          o - +2 helmet
rElec   +            J - +1 cloak of Death Resistance {Dex+7}
rCorr   .            i - +2 pair of gloves
SInv    .            p - +2 pair of boots
Will    ++...        k - amulet of regeneration Stlth
                     b - +5 ring of evasion
HPRegen 1.19/turn    F - ring of willpower
MPRegen 0.19/turn

%: no passive effects
@: about to teleport, heroic, flying
A: sickness immunity, AC +13, big wings, negative energy resistance 1,
electricity resistance, torment resistance 1, petrification resistance,
deterioration 1
a: Renounce Religion, Heroism, Finesse


You were on level 4 of the Swamp.
You worshipped Okawaru.
Okawaru was greatly pleased with you.
You visited 6 branches of the dungeon, and saw 30 of its levels.
You also visited: Sewer and Ossuary.

You collected 2945 gold pieces.
You spent 1671 gold pieces at shops.


Innate Abilities, Weirdness & Mutations

You are immune to sickness and miasma.
Your stone body is resilient. (AC +13)
You are immune to poison.
Your large and strong wings let you fly.
You resist negative energy. (rN+)
You are resistant to electric shocks. (rElec)
You are resistant to unholy torment.
You are immune to petrification.
Your body sometimes deteriorates upon taking damage.


   Skills:
 + Level 13.0(18.0) Fighting
 - Level 18.0(23.0) Axes
 - Level 7.0(12.0) Throwing
 - Level 13.0(18.0) Armour
 - Level 5.0(10.0) Dodging
 - Level 17.8(22.8) Shields
 - Level 10.0 Invocations


You had 17 spell levels left.
You didn't know any spells.
Your spell library was empty.

Inventory:

Hand Weapons
 w - a +5 war axe
 D - the +8 broad axe of Upheaval (weapon) {venom, rC+ rN+ Dex-3}
   (You found it on level 10 of the Dungeon)

   Dex:       It affects your dexterity (-3).
   rC:        It protects you from cold.
   rN:        It protects you from negative energy.
Missiles
 h - 5 silver boomerangs
 M - 8 javelins (quivered)
 N - 14 boomerangs
Armour
 a - +1 fire dragon scales
 c - the +2 scale mail of the Armadillo {rCorr Str+2 Int+3}
   (Okawaru gifted it to you on level 13 of the Dungeon)

   Str:       It affects your strength (+2).
   Int:       It affects your intelligence (+3).
   rCorr:     It protects you from acid and corrosion.
 i - a +2 pair of gloves (worn)
 n - a +3 plate armour of cold resistance (worn)
 o - a +2 helmet (worn)
 p - a +2 pair of boots (worn)
 q - a scarf of resistance
 J - the +1 cloak of Death Resistance (worn) {Dex+7}
   (You found it on level 12 of the Dungeon)

   Dex:       It affects your dexterity (+7).
 K - a +0 tower shield (worn)
 Q - the +6 plate armour of Patterns {+Inv rPois rC-}
   (Okawaru gifted it to you on level 2 of the Orcish Mines)

   rC:        It makes you vulnerable to cold.
   rPois:     It protects you from poison.
   +Inv:      It lets you turn invisible.
Jewellery
 b - a +5 ring of evasion (left hand)
 f - a ring of ice
 g - a ring of fire
 k - an amulet of regeneration (around neck)
 A - a ring of fire
 F - a ring of willpower (right hand)
 G - a ring of protection from cold
 Y - a +6 ring of dexterity
Wands
 L - a wand of digging (6)
Scrolls
 l - 23 scrolls of identify
 y - 6 scrolls of teleportation
 B - 5 scrolls of brand weapon
 E - 3 scrolls of enchant weapon
Potions
 d - 3 potions of might
 e - 6 potions of curing
 j - 3 potions of mutation
 m - 13 potions of haste
 r - 2 potions of resistance
 s - 5 potions of attraction
 t - 4 potions of cancellation
 u - 5 potions of lignification
 v - 2 potions of magic
 x - 4 potions of heal wounds
 z - 4 potions of enlightenment

Dungeon Overview and Level Annotations

Branches:
Dungeon (15/15)            Temple (1/1) D:7            Lair (5/5) D:11
  Swamp (4/4) Lair:2       Spider (3/4) Lair:2        Slime (0/5) Lair:4
    Orc (2/2) D:12            Elf (0/3) Orc:2        Vaults (0/5) D:13
 Depths (0/4) D:15          Sewer (visited)         Ossuary (visited)

Altars:
Ashenzari
Cheibriados
Dithmenos
Elyvilon
Fedhas
Gozag
Hepliaklqana
Kikubaaqudgha
Makhleb
Nemelex Xobeh
Okawaru
Qazlal
Ru
Sif Muna
Trog
Uskayaw
Vehumet
Wu Jian
Xom
Yredelemnul
Zin
The Shining One

Shops:
D:14 *   Orc:2 [[([*

Annotations:
D:2 1 runed translucent door, Crazy Yiuf
D:9 exclusion: orange crystal statue
D:13 7 runed translucent doors, HilariousDeathArtist's ghost, journeyman VSBe


Message History

You slice one of the seven-headed hydra's heads off!
The six-headed hydra grows two more!
You slash the eight-headed hydra! You slash the bunyip!
The bunyip is poisoned.
You block the eight-headed hydra's attack.
The eight-headed hydra bites you but does no damage.
The eight-headed hydra barely misses you.
You block the eight-headed hydra's attack.
The eight-headed hydra bites you but does no damage. x3
You block the eight-headed hydra's attack.
The bunyip misses you. The bunyip barely misses you.
The bunyip claws you but does no damage.
You hack one of the eight-headed hydra's heads off!
The seven-headed hydra grows two more!
You slice the nine-headed hydra!!
The nine-headed hydra is heavily wounded.
You barely miss the eight-headed hydra. You slash the bunyip!
You block the eight-headed hydra's attack. x3
The eight-headed hydra misses you.
The eight-headed hydra barely misses you.
The eight-headed hydra bites you but does no damage.
You block the eight-headed hydra's attack.
The eight-headed hydra misses you.
The nine-headed hydra closely misses you.
The nine-headed hydra bites you!
Your body deteriorates!
You feel dopey.
The nine-headed hydra barely misses you.
The nine-headed hydra closely misses you.
The nine-headed hydra bites you but does no damage.
The nine-headed hydra bites you!
The nine-headed hydra closely misses you.
The nine-headed hydra completely misses you.
The nine-headed hydra bites you!!
26758 ||| READING 7 scrolls of teleportation.
As you read the scroll of teleportation, it crumbles to dust.
You feel strangely unstable. The swamp worm misses you.
The swamp drake breathes poison at you.
The noxious blast engulfs the bunyip but does no damage.
You block the eight-headed hydra's attack.
The eight-headed hydra bites you!!
You die...

7~~#. 77777.
~..~7~.7}..~~ 77
~.~~.~~~ 7...~~......
.......^ ~.....#...77
77 ~...#~~~ ~¤~.~.....
.~. .~.~.~77 77.[.....
7~~~ ......¤7
777~..~..777.~~~
.~....~7~77.~~0DDD).~.7
.........~..~k0x@~~~~~7
~~k.~7.~.~~.~~0w0.~~~~7
...Dw~7 7.~~~77~....~7
.......7 77~~
777777...~~ ...77.77 7~
7~..~ ~~~7 7 7 .~~~
~~.. ~~~ 77... ..


77[77 You could see a bunyip (strong, very poisoned, catching breath), a
nine-headed hydra (strong, extremely poisoned), an eight-headed hydra (strong),
a four-headed hydra, a swamp worm and a swamp drake (catching breath).

Vanquished Creatures
  Mlioglotl (Swamp:1)
  Kirke (Lair:4)
  A fenstrider witch (Swamp:2)
  2 ghost moths
  2 ghouls (Swamp:4)
  Louise (D:14)
  A broodmother (Spider:2)
  2 eleionomae (Swamp:3)
  6 bunyips
  A dire elephant (D:15)
  A spark wasp (Spider:2)
  2 entropy weavers
  4 shambling mangroves
  Fannar (D:12)
  13 hydras
  2 ghost crabs (Swamp:3)
  An ice dragon (D:12)
  2 ogre magi
  2 catoblepae (D:13)
  7 centaur warriors
  2 jorogumos
  2 death knights
  A merfolk avatar (Lair:5)
  10 alligators
  9 two-headed ogres
  11 boulder beetles
  2 demonic crawlers (Spider:1)
  A vampire mage (D:14)
  5 orc high priests
  4 tengu warriors
  Urug (D:12)
  Sonja (Lair:5)
  3 skysharks
  3 sea snakes (Lair:5)
  A skeletal warrior (D:13)
  5 goliath frogs
  4 pharaoh ants
  5 swamp dragons
  5 orb spiders
  A bog body (Swamp:1)
  4 spriggan druids
  4 wizards (D:14)
  A deep elf archer (D:13)
  A harpy (Lair:5)
  7 deep elf pyromancers
  3 deep elf zephyrmancers
  2 oklob plants (D:11)
  3 steelbarb worms (Spider:1)
  15 ugly things
  13 wolf spiders
  2 orc sorcerers (Orc:2)
  3 will-o-the-wisps
  A salamander (D:15)
  A moth of wrath (Spider:3)
  5 manticores
  9 elephants (Lair:5)
  10 cyclopes
  A naga mage (D:14)
  3 black mambas
  5 torpor snails
  4 gargoyles
  4 unseen horrors (D:12)
  16 cane toads
  24 komodo dragons
  A kobold demonologist (D:11)
  4 centaur skeletons (D:13)
  3 efreet
  4 yaktaurs (D:13)
  A tengu conjurer (D:13)
  2 freezing wraiths
  3 rime drakes
  7 tyrant leeches
  A polar bear (shapeshifter) (D:14)
  4 meliai
  8 trolls
  21 hornets
  6 blink frogs
  14 tarantellas
  Grinder (D:5)
  A raiju (shapeshifter) (D:12)
  4 dream sheep (Lair:3)
  11 slime creatures
  2 shadows
  3 centaur simulacra
  2 vampires
  Sigmund (D:3)
  13 jumping spiders
  16 culicivoras
  17 spriggans
  3 wraiths
  9 wyverns
  3 hogs (Lair:4)
  A water elemental (D:12)
  42 yaks
  6 basilisks
  2 steam dragons
  16 vampire mosquitoes
  18 redbacks
  5 wargs
  11 swamp worms
  Edmund (D:5)
  An acid dragon (D:10)
  11 water moccasins
  20 orc warriors
  A sky beast (D:6)
  A swamp drake (Swamp:4)
  5 black bears
  An ice beast (D:8)
  11 wolves
  9 ogres
  10 centaurs
  2 phantoms (D:5)
  2 kobold brigands
  A necrophage (Swamp:4)
  9 bullfrogs
  A scorpion (D:5)
  3 gnoll sergeants
  11 wights
  9 killer bees
  7 electric eels
  2 howler monkeys
  A crimson imp (D:10)
  5 hounds
  2 gnoll boudas
  20 orc priests
  Jessica (D:3)
  6 iguanas
  29 orc wizards
  Natasha (thrice) (D:3)
  Terence (D:3)
  Robin (D:3)
  8 mummies (Ossuary)
  20 gnolls
  10 adders
  2 white imps
  2 ufetubi
  6 worms
  5 dart slugs
  45 orcs
  10 endoplasms
  8 giant cockroaches
  2 gnoll zombies (Ossuary)
  14 goblins
  11 hobgoblins
  3 jackals (D:1)
  5 quokkas
  7 ball pythons
  10 bats
  14 frilled lizards
  A hobgoblin zombie (Ossuary)
  17 kobolds
  2 kobold zombies (Ossuary)
  3 orc zombies (Ossuary)
  A quokka zombie (D:5)
  8 rats
  A rat zombie (D:5)
938 creatures vanquished.

Vanquished Creatures (others)
  An unseen horror (D:12)
  5 bloated husks
  A swamp drake (Swamp:3)
  20 foxfires
27 creatures vanquished.

Grand Total: 965 creatures vanquished

Notes
Turn   | Place    | Note
-------+----------+-------------------------------------------
     0 | D:1      | qw the Gargoyle Fighter began the quest for the Orb.
     0 | D:1      | Reached XP level 1. HP: 14/14 MP: 1/1
     0 | D:1      | 0 ||| qw: Version: 0.3-a-32-g5962c71
     0 | D:1      | 0 ||| qw: Game counter: 7354
     0 | D:1      | 0 ||| qw: Melee chars always use a shield: true
     0 | D:1      | 0 ||| qw: God list: Okawaru
     0 | D:1      | 0 ||| qw: Allow faded altars: false
     0 | D:1      | 0 ||| qw: Do Orc after clearing Dungeon:15 true
     0 | D:1      | 0 ||| qw: Do second Lair branch before Depths: true
     0 | D:1      | 0 ||| qw: Lair rune preference: random
     0 | D:1      | 0 ||| qw: Goals: Normal, Zot:1-4, Slime:5, God:TSO, Crypt,
                  | Tomb, Abyss, Pan, Hells, Win
     0 | D:1      | 0 ||| PLANNING D:1-11
    24 | D:1      | Reached skill level 2 in Axes
    52 | D:1      | Reached XP level 2. HP: 16/19 MP: 2/2
    52 | D:1      | 52 ||| FLEEEEING.
    53 | D:1      | 53 ||| FLEEEEING.
    54 | D:1      | 54 ||| FLEEEEING.
    61 | D:1      | 61 ||| Stepping ~*~*~tactically~*~*~ (stealth).
    62 | D:1      | 62 ||| Stepping ~*~*~tactically~*~*~ (stealth).
    63 | D:1      | 63 ||| Stepping ~*~*~tactically~*~*~ (stealth).
    97 | D:1      | 97 ||| Stepping ~*~*~tactically~*~*~ (stealth).
    99 | D:1      | 99 ||| Stepping ~*~*~tactically~*~*~ (stealth).
   264 | D:1      | 264 ||| DROPPING +0 club.
   300 | D:1      | 300 ||| Stepping ~*~*~tactically~*~*~ (stealth).
   310 | D:1      | Reached skill level 3 in Axes
   313 | D:1      | Reached XP level 3. HP: 8/23 MP: 3/3
   576 | D:1      | Found a faded altar of an unknown god.
   659 | D:1      | 659 ||| UPGRADING to +0 pair of gloves.
   664 | D:1      | 664 ||| READING scroll labelled YDIDOOTHREDEK.
   665 | D:1      | 665 ||| DRINKING 2 grey potions.
   666 | D:1      | 666 ||| DRINKING 2 emerald potions.
   667 | D:1      | 667 ||| DROPPING potion of degeneration.
   696 | D:2      | 696 ||| DROPPING +0 whip.
   698 | D:2      | 698 ||| Stepping ~*~*~tactically~*~*~ (stealth).
   699 | D:2      | 699 ||| Stepping ~*~*~tactically~*~*~ (stealth).
   701 | D:2      | 701 ||| Stepping ~*~*~tactically~*~*~ (hiding).
   710 | D:2      | 710 ||| FLEEEEING.
   713 | D:2      | 713 ||| Stepping ~*~*~tactically~*~*~ (hiding).
   714 | D:2      | 714 ||| Stepping ~*~*~tactically~*~*~ (hiding).
   715 | D:2      | 715 ||| Stepping ~*~*~tactically~*~*~ (hiding).
   716 | D:2      | 716 ||| Stepping ~*~*~tactically~*~*~ (hiding).
   717 | D:2      | 717 ||| Stepping ~*~*~tactically~*~*~ (hiding).
   728 | D:2      | 728 ||| Stepping ~*~*~tactically~*~*~ (stealth).
   731 | D:2      | 731 ||| Stepping ~*~*~tactically~*~*~ (stealth).
   802 | D:2      | 802 ||| Stepping ~*~*~tactically~*~*~ (stealth).
   809 | D:2      | 809 ||| Stepping ~*~*~tactically~*~*~ (stealth).
   810 | D:2      | Noticed a black bear
   811 | D:2      | 811 ||| Stepping ~*~*~tactically~*~*~ (stealth).
   815 | D:2      | 815 ||| Stepping ~*~*~tactically~*~*~ (stealth).
   824 | D:2      | Killed a black bear
   825 | D:2      | Reached skill level 4 in Axes
   825 | D:2      | Reached XP level 4. HP: 20/28 MP: 4/4
   825 | D:2      | Reached XP level 5. HP: 23/32 MP: 5/5
   988 | D:2      | 988 ||| Stepping ~*~*~tactically~*~*~ (stealth).
   989 | D:2      | 989 ||| Stepping ~*~*~tactically~*~*~ (stealth).
   990 | D:2      | 990 ||| Stepping ~*~*~tactically~*~*~ (stealth).
  1091 | D:2      | 1091 ||| Stepping ~*~*~tactically~*~*~ (stealth).
  1141 | D:2      | Reached skill level 5 in Axes
  1417 | D:2      | 1417 ||| Stepping ~*~*~tactically~*~*~ (stealth).
  1456 | D:2      | Found a runed translucent door.
  1457 | D:2      | Noticed Crazy Yiuf
  1698 | D:2      | 1698 ||| UPGRADING to +0 helmet.
  1703 | D:2      | 1703 ||| UPGRADING to amulet of regeneration.
  1708 | D:2      | 1708 ||| UPGRADING to +6 ring of dexterity.
  1709 | D:2      | 1709 ||| READING 2 scrolls labelled ZUOSURU QUVA.
  1710 | D:2      | 1710 ||| READING 3 scrolls labelled ISEN NOMETYWN.
  1716 | D:2      | 1716 ||| READING scroll labelled POGASEIBOL.
  1717 | D:2      | 1717 ||| READING scroll labelled PIWA MUSOYLE.
  1718 | D:2      | 1718 ||| DRINKING 2 pink potions.
  1719 | D:2      | 1719 ||| DROPPING 2 scrolls of torment.
  1753 | D:3      | Noticed Jessica
  1755 | D:3      | Killed Jessica
  1756 | D:3      | Reached skill level 1 in Dodging
  1905 | D:3      | Found a shadowy altar of Dithmenos.
  1916 | D:3      | Reached XP level 6. HP: 38/38 MP: 6/6
  1952 | D:3      | Found an ancient bone altar of Kikubaaqudgha.
  2012 | D:3      | Noticed Natasha
  2013 | D:3      | 2013 ||| Stepping ~*~*~tactically~*~*~ (hiding).
  2022 | D:3      | Killed Natasha
  2241 | D:3      | Noticed Robin
  2248 | D:3      | Killed Robin
  2273 | D:3      | 2273 ||| Stepping ~*~*~tactically~*~*~ (stealth).
  2308 | D:3      | 2308 ||| Stepping ~*~*~tactically~*~*~ (stealth).
  2442 | D:3      | Noticed Terence
  2448 | D:3      | Killed Terence
  2478 | D:3      | Noticed Sigmund
  2486 | D:3      | Killed Sigmund
  2487 | D:3      | Reached skill level 6 in Axes
  2487 | D:3      | Reached XP level 7. HP: 43/43 MP: 7/7
  2728 | D:3      | Noticed Natasha
  2729 | D:3      | 2729 ||| Stepping ~*~*~tactically~*~*~ (hiding).
  2731 | D:3      | 2731 ||| Stepping ~*~*~tactically~*~*~ (hiding).
  2737 | D:3      | Killed Natasha
  2747 | D:3      | Noticed Natasha
  2748 | D:3      | 2748 ||| Stepping ~*~*~tactically~*~*~ (hiding).
  2764 | D:3      | Killed Natasha
  2852 | D:3      | 2852 ||| UPGRADING to +0 pair of boots.
  2857 | D:3      | 2857 ||| READING scroll labelled REUZOTSEXKU.
  2858 | D:3      | 2858 ||| DRINKING 2 coppery potions.
  2859 | D:3      | 2859 ||| DROPPING potion of brilliance.
  2895 | D:4      | Found a basalt altar of Yredelemnul.
  3042 | D:4      | 3042 ||| Stepping ~*~*~tactically~*~*~ (hiding).
  3044 | D:4      | 3044 ||| Stepping ~*~*~tactically~*~*~ (hiding).
  3190 | D:4      | 3190 ||| Stepping ~*~*~tactically~*~*~ (stealth).
  3191 | D:4      | 3191 ||| Stepping ~*~*~tactically~*~*~ (stealth).
  3197 | D:4      | Reached skill level 7 in Axes
  3660 | D:4      | 3660 ||| UPGRADING to +0 cloak.
  3665 | D:4      | 3665 ||| UPGRADING to +0 plate armour.
  3675 | D:4      | 3675 ||| DROPPING +0 scale mail.
  3676 | D:4      | 3676 ||| READING 2 scrolls labelled KOIVYPPYEL.
  3686 | D:5      | Entered Level 5 of the Dungeon
  3687 | D:5      | 3687 ||| PLANNING OSSUARY
  3704 | D:5      | Reached skill level 1 in Throwing
  3714 | D:5      | Reached XP level 8. HP: 48/48 MP: 8/8
  3726 | D:5      | Found a white marble altar of Elyvilon.
  3730 | D:5      | Noticed Edmund
  3746 | D:5      | Killed Edmund
  3824 | D:5      | HP: 11/49 [gnoll bouda/+0 whip (5)]
  3825 | D:5      | 3825 ||| READING scroll of teleportation.
  3825 | D:5      | HP: 5/49 [gnoll/+0 halberd[a gnoll bouda] (7)]
  3826 | D:5      | 3826 ||| DRINKING potion of heal wounds.
  3865 | D:5      | Noticed Grinder
  3880 | D:5      | Killed Grinder
  3881 | D:5      | Reached skill level 8 in Axes
  3933 | D:5      | Found a sand-covered staircase.
  3934 | D:5      | 3934 ||| READING scroll labelled LAAFARH WACYSELO.
  3935 | D:5      | 3935 ||| READING scroll labelled NAUD OJAIRGHU.
  3948 | Ossuary  | Entered an ossuary
  4048 | Ossuary  | Reached skill level 6 in Armour
  4084 | Ossuary  | 4084 ||| READING scroll of enchant armour.
  4084 | Ossuary  | 4084 ||| ENCHANTING +0 pair of gloves.
  4144 | Ossuary  | 4144 ||| READING scroll labelled CEMENGAGUC.
  4145 | Ossuary  | 4145 ||| READING scroll labelled NACRUN VEUJ.
  4146 | Ossuary  | 4146 ||| READING scroll labelled KESAFU XIXTIUB.
  4147 | Ossuary  | 4147 ||| DRINKING 3 bubbling clear potions.
  4186 | Ossuary  | 4186 ||| READING 2 scrolls of identify.
  4186 | Ossuary  | 4186 ||| IDENTIFYING bubbling pink potion
  4187 | Ossuary  | 4187 ||| DROPPING potion of invisibility.
  4211 | D:5      | 4211 ||| PLANNING D:1-11
  4268 | D:5      | 4268 ||| Stepping ~*~*~tactically~*~*~ (stealth).
  4345 | D:5      | 4345 ||| Stepping ~*~*~tactically~*~*~ (hiding).
  4346 | D:5      | 4346 ||| Stepping ~*~*~tactically~*~*~ (hiding).
  4479 | D:5      | 4479 ||| Stepping ~*~*~tactically~*~*~ (hiding).
  4667 | D:5      | Reached XP level 9. HP: 55/55 MP: 9/9
  4675 | D:5      | Reached skill level 6 in Fighting
  4738 | D:5      | 4738 ||| DRINKING 2 sedimented pink potions.
  4843 | D:5      | 4843 ||| READING 2 scrolls of identify.
  4843 | D:5      | 4843 ||| IDENTIFYING metallic puce potion
  4844 | D:5      | 4844 ||| DROPPING potion of berserk rage.
  4845 | D:5      | 4845 ||| Stepping ~*~*~tactically~*~*~ (stealth).
  4852 | D:6      | 4852 ||| PLANNING SEWER
  4880 | D:6      | 4880 ||| READING scroll of enchant weapon.
  4880 | D:6      | 4880 ||| ENCHANTING +1 heavy war axe.
  4889 | D:6      | 4889 ||| READING scroll of enchant weapon.
  4889 | D:6      | 4889 ||| ENCHANTING +2 heavy war axe.
  4907 | D:6      | Found a glowing drain.
  4937 | Sewer    | Entered a sewer
  4973 | Sewer    | Reached skill level 9 in Axes
  4986 | Sewer    | 4986 ||| READING 2 scrolls of enchant armour.
  4986 | Sewer    | 4986 ||| ENCHANTING +1 pair of gloves.
  4987 | Sewer    | 4987 ||| READING scroll of enchant armour.
  4987 | Sewer    | 4987 ||| ENCHANTING +0 helmet.
  5013 | Sewer    | 5013 ||| DROPPING amulet of guardian spirit.
  5014 | Sewer    | 5014 ||| READING scroll labelled NOUCYO QEPEA.
  5023 | D:6      | 5023 ||| PLANNING D:1-11
  5262 | D:6      | 5262 ||| Stepping ~*~*~tactically~*~*~ (hiding).
  5264 | D:6      | 5264 ||| Stepping ~*~*~tactically~*~*~ (hiding).
  5333 | D:6      | 5333 ||| Stepping ~*~*~tactically~*~*~ (stealth).
  5620 | D:6      | 5620 ||| DRINKING 2 metallic emerald potions.
  5621 | D:6      | 5621 ||| READING 2 scrolls of identify.
  5621 | D:6      | 5621 ||| IDENTIFYING fizzy puce potion
  5673 | D:7      | 5673 ||| Stepping ~*~*~tactically~*~*~ (stealth).
  5746 | D:7      | 5746 ||| Stepping ~*~*~tactically~*~*~ (hiding).
  5889 | D:7      | Found a staircase to the Ecumenical Temple.
  5890 | D:7      | 5890 ||| PLANNING TEMPLE
  5890 | D:7      | 5890 ||| READING 3 scrolls labelled CENUGE UDWEY.
  5891 | D:7      | 5891 ||| DRINKING 3 white potions.
  5892 | D:7      | 5892 ||| DROPPING 2 scrolls of butterflies.
  5895 | D:7      | Found a bloodstained altar of Trog.
  5901 | Temple   | Entered the Ecumenical Temple
  6061 | Temple   | 6061 ||| PLANNING OKAWARU WORSHIP
  6064 | Temple   | Became a worshipper of Warmaster Okawaru
  6065 | Temple   | 6065 ||| PLANNING D:1-11
  6160 | D:7      | 6160 ||| Stepping ~*~*~tactically~*~*~ (stealth).
  6173 | D:7      | Reached XP level 10. HP: 54/63 MP: 10/10
  6178 | D:7      | Reached * piety under Okawaru
  6281 | D:7      | 6281 ||| Stepping ~*~*~tactically~*~*~ (stealth).
  6290 | D:7      | 6290 ||| INVOKING Heroism.
  6294 | D:7      | Reached skill level 10 in Axes
  6299 | D:7      | 6299 ||| INVOKING Heroism.
  6637 | D:8      | Noticed a two-headed ogre
  6645 | D:8      | Killed a two-headed ogre
  6646 | D:8      | 6646 ||| INVOKING Heroism.
  6647 | D:8      | 6647 ||| INVOKING Heroism.
  6657 | D:8      | 6657 ||| INVOKING Heroism.
  6659 | D:8      | Reached skill level 1 in Invocations
  6776 | D:8      | 6776 ||| Stepping ~*~*~tactically~*~*~ (stealth).
  6778 | D:8      | 6778 ||| INVOKING Heroism.
  6782 | D:8      | 6782 ||| Stepping ~*~*~tactically~*~*~ (stealth).
  6794 | D:8      | 6794 ||| Stepping ~*~*~tactically~*~*~ (stealth).
  6796 | D:8      | 6796 ||| Stepping ~*~*~tactically~*~*~ (hiding).
  6969 | D:8      | 6969 ||| Stepping ~*~*~tactically~*~*~ (stealth).
  7131 | D:8      | 7131 ||| Stepping ~*~*~tactically~*~*~ (hiding).
  7133 | D:8      | 7133 ||| Stepping ~*~*~tactically~*~*~ (hiding).
  7140 | D:8      | 7140 ||| INVOKING Heroism.
  7176 | D:8      | 7176 ||| READING 2 scrolls of identify.
  7176 | D:8      | 7176 ||| IDENTIFYING inky potion
  7259 | D:9      | 7259 ||| INVOKING Heroism.
  7398 | D:9      | 7398 ||| Stepping ~*~*~tactically~*~*~ (stealth).
  7446 | D:9      | 7446 ||| INVOKING Heroism.
  7453 | D:9      | 7453 ||| Stepping ~*~*~tactically~*~*~ (cloud).
  7455 | D:9      | 7455 ||| Stepping ~*~*~tactically~*~*~ (cloud).
  7512 | D:9      | Noticed an orange crystal statue
  7513 | D:9      | 7513 ||| INVOKING Heroism.
  7518 | D:9      | 7518 ||| DRINKING 3 potions of curing.
  7518 | D:9      | 7518 ||| (to cure confusion)
  7519 | D:9      | 7519 ||| DRINKING 2 potions of curing.
  7519 | D:9      | 7519 ||| (to cure confusion)
  7792 | D:10     | Entered Level 10 of the Dungeon
  7822 | D:10     | Reached skill level 3 in Throwing
  7822 | D:10     | Reached skill level 3 in Invocations
  7887 | D:10     | Reached XP level 11. HP: 61/68 MP: 13/13
  7911 | D:10     | 7911 ||| INVOKING Heroism.
  8228 | D:10     | Identified the +8 broad axe of Upheaval {venom, rC+ rN+
                  | Dex-3}
  8230 | D:10     | 8230 ||| SWAPPING to +8 broad axe of Upheaval {venom, rC+
                  | rN+ Dex-3}.
  8231 | D:10     | 8231 ||| DROPPING +3 heavy war axe.
  8319 | D:10     | Noticed a brown ugly thing
  8320 | D:10     | 8320 ||| Stepping ~*~*~tactically~*~*~ (stealth).
  8323 | D:10     | 8323 ||| Stepping ~*~*~tactically~*~*~ (stealth).
  8324 | D:10     | 8324 ||| Stepping ~*~*~tactically~*~*~ (stealth).
  8332 | D:10     | 8332 ||| INVOKING Heroism.
  8335 | D:10     | Killed a brown ugly thing
  8408 | D:10     | Reached skill level 11 in Axes
  8424 | D:10     | Reached ** piety under Okawaru
  8624 | D:10     | 8624 ||| READING 3 scrolls of identify.
  8624 | D:10     | 8624 ||| IDENTIFYING brown potion
  8625 | D:10     | 8625 ||| DROPPING potion of ambrosia.
  8707 | D:11     | 8707 ||| Stepping ~*~*~tactically~*~*~ (stealth).
  8710 | D:11     | 8710 ||| INVOKING Heroism.
  8715 | D:11     | Reached skill level 9 in Fighting
  8840 | D:11     | Found the +6 shillelagh "Devastator" {shatter}
  8866 | D:11     | 8866 ||| Stepping ~*~*~tactically~*~*~ (hiding).
  8873 | D:11     | 8873 ||| Stepping ~*~*~tactically~*~*~ (stealth).
  8895 | D:11     | Found a staircase to the Lair.
  8899 | D:11     | Noticed an oklob plant
  8899 | D:11     | Noticed an oklob plant
  8900 | D:11     | 8900 ||| INVOKING Heroism.
  8908 | D:11     | Killed an oklob plant
  8909 | D:11     | Reached skill level 9 in Armour
  8924 | D:11     | Killed an oklob plant
  8973 | D:11     | 8973 ||| INVOKING Heroism.
  9441 | D:11     | Reached *** piety under Okawaru
  9547 | D:11     | Found a burning altar of Makhleb.
  9547 | D:11     | Noticed a balrug
  9551 | D:11     | 9551 ||| PLANNING LAIR
  9551 | D:11     | 9551 ||| DROPPING +0 chain mail of poison resistance.
  9552 | D:11     | 9552 ||| DROPPING +6 ring of intelligence.
  9575 | Lair:1   | Entered Level 1 of the Lair of Beasts
  9579 | Lair:1   | 9579 ||| STAIRDANCE
  9596 | Lair:1   | 9596 ||| READING 3 scrolls of enchant armour.
  9596 | Lair:1   | 9596 ||| ENCHANTING +1 helmet.
  9597 | Lair:1   | 9597 ||| READING 2 scrolls of enchant armour.
  9597 | Lair:1   | 9597 ||| ENCHANTING +0 pair of boots.
  9598 | Lair:1   | 9598 ||| READING scroll of enchant armour.
  9598 | Lair:1   | 9598 ||| ENCHANTING +1 pair of boots.
  9662 | Lair:1   | Reached skill level 12 in Axes
  9743 | Lair:1   | 9743 ||| INVOKING Heroism.
  9759 | Lair:1   | 9759 ||| Stepping ~*~*~tactically~*~*~ (stealth).
  9765 | Lair:1   | 9765 ||| INVOKING Heroism.
  9775 | Lair:1   | Reached skill level 6 in Shields
  9855 | Lair:1   | 9855 ||| INVOKING Heroism.
  9880 | Lair:1   | 9880 ||| INVOKING Heroism.
  9883 | Lair:1   | Reached XP level 12. HP: 42/77 MP: 12/15
  9896 | Lair:1   | 9896 ||| INVOKING Heroism.
  9997 | Lair:1   | 9997 ||| Stepping ~*~*~tactically~*~*~ (stealth).
 10021 | Lair:1   | 10021 ||| Stepping ~*~*~tactically~*~*~ (stealth).
 10037 | Lair:1   | 10037 ||| Stepping ~*~*~tactically~*~*~ (stealth).
 10053 | Lair:1   | Reached **** piety under Okawaru
 10221 | Lair:1   | 10221 ||| INVOKING Heroism.
 10287 | Lair:1   | 10287 ||| INVOKING Heroism.
 10343 | Lair:1   | 10343 ||| INVOKING Heroism.
 10398 | Lair:1   | 10398 ||| Stepping ~*~*~tactically~*~*~ (stealth).
 10402 | Lair:1   | 10402 ||| INVOKING Heroism.
 10405 | Lair:1   | Received a gift from Okawaru
 10427 | Lair:1   | 10427 ||| Stepping ~*~*~tactically~*~*~ (stealth).
 10432 | Lair:1   | Received a gift from Okawaru
 10519 | Lair:1   | 10519 ||| INVOKING Heroism.
 10640 | Lair:1   | 10640 ||| INVOKING Heroism.
 10717 | Lair:2   | Noticed a five-headed hydra
 10718 | Lair:2   | 10718 ||| INVOKING Heroism.
 10719 | Lair:2   | 10719 ||| SWAPPING to +3 flail of draining.
 10729 | Lair:2   | Killed a five-headed hydra
 10730 | Lair:2   | Reached skill level 3 in Dodging
 10730 | Lair:2   | 10730 ||| SWAPPING to +8 broad axe of Upheaval {venom, rC+
                  | rN+ Dex-3}.
 10756 | Lair:2   | 10756 ||| Stepping ~*~*~tactically~*~*~ (stealth).
 10758 | Lair:2   | 10758 ||| INVOKING Heroism.
 10789 | Lair:2   | 10789 ||| INVOKING Heroism.
 10814 | Lair:2   | Reached skill level 13 in Axes
 10895 | Lair:2   | 10895 ||| Stepping ~*~*~tactically~*~*~ (stealth).
 10897 | Lair:2   | Found a staircase to the Swamp.
 10897 | Lair:2   | Noticed a six-headed hydra
 10898 | Lair:2   | 10898 ||| INVOKING Heroism.
 10902 | Lair:2   | Reached skill level 6 in Invocations
 10903 | Lair:2   | 10903 ||| SWAPPING to +3 flail of draining.
 10908 | Lair:2   | Killed a six-headed hydra
 10909 | Lair:2   | 10909 ||| SWAPPING to +8 broad axe of Upheaval {venom, rC+
                  | rN+ Dex-3}.
 10960 | Lair:2   | 10960 ||| INVOKING Heroism.
 10985 | Lair:2   | 10985 ||| READING scroll of enchant armour.
 10985 | Lair:2   | 10985 ||| ENCHANTING +0 cloak.
 11002 | Lair:2   | Noticed an eight-headed hydra
 11003 | Lair:2   | 11003 ||| INVOKING Heroism.
 11005 | Lair:2   | Killed an eight-headed hydra
 11010 | Lair:2   | Reached XP level 13. HP: 82/82 MP: 15/18
 11124 | Lair:2   | 11124 ||| Stepping ~*~*~tactically~*~*~ (stealth).
 11133 | Lair:2   | 11133 ||| INVOKING Heroism.
 11150 | Lair:2   | Found a hole to the Spider Nest.
 11254 | Lair:2   | 11254 ||| INVOKING Heroism.
 11258 | Lair:2   | Received a gift from Okawaru
 11280 | Lair:2   | 11280 ||| Stepping ~*~*~tactically~*~*~ (stealth).
 11524 | Lair:2   | 11524 ||| DROPPING ring of wizardry.
 11525 | Lair:2   | 11525 ||| UPGRADING to ring of protection from cold.
 11578 | Lair:3   | 11578 ||| INVOKING Heroism.
 11582 | Lair:3   | 11582 ||| SWAPPING to +3 flail of draining.
 11585 | Lair:3   | 11585 ||| SWAPPING to +8 broad axe of Upheaval {venom, rC+
                  | rN+ Dex-3}.
 11631 | Lair:3   | 11631 ||| Stepping ~*~*~tactically~*~*~ (stealth).
 11634 | Lair:3   | 11634 ||| Stepping ~*~*~tactically~*~*~ (stealth).
 11637 | Lair:3   | 11637 ||| Stepping ~*~*~tactically~*~*~ (stealth).
 11723 | Lair:3   | Reached ***** piety under Okawaru
 11735 | Lair:3   | 11735 ||| INVOKING Heroism.
 11742 | Lair:3   | Reached skill level 9 in Invocations
 11772 | Lair:3   | 11772 ||| INVOKING Heroism.
 11918 | Lair:3   | Reached skill level 14 in Axes
 11944 | Lair:3   | 11944 ||| INVOKING Heroism.
 12351 | Lair:3   | 12351 ||| UPGRADING to ring of willpower.
 12353 | Lair:3   | 12353 ||| UPGRADING to +6 ring of dexterity.
 12409 | Lair:4   | Noticed Kirke
 12410 | Lair:4   | 12410 ||| INVOKING Heroism.
 12411 | Lair:4   | 12411 ||| INVOKING Finesse.
 12426 | Lair:4   | Killed Kirke
 12490 | Lair:4   | 12490 ||| INVOKING Heroism.
 12649 | Lair:4   | 12649 ||| Stepping ~*~*~tactically~*~*~ (stealth).
 12732 | Lair:4   | Found a staircase to the Slime Pits.
 12877 | Lair:4   | 12877 ||| INVOKING Heroism.
 13240 | Lair:4   | 13240 ||| UPGRADING to +0 plate armour of cold resistance.
 13250 | Lair:4   | 13250 ||| DROPPING +0 plate armour.
 13262 | Lair:5   | Entered Level 5 of the Lair of Beasts
 13293 | Lair:5   | 13293 ||| INVOKING Heroism.
 13353 | Lair:5   | Received a gift from Okawaru
 13398 | Lair:5   | 13398 ||| INVOKING Heroism.
 13429 | Lair:5   | Noticed Sonja
 13430 | Lair:5   | 13430 ||| Stepping ~*~*~tactically~*~*~ (hiding).
 13431 | Lair:5   | 13431 ||| INVOKING Heroism.
 13432 | Lair:5   | 13432 ||| INVOKING Finesse.
 13436 | Lair:5   | Killed Sonja
 13452 | Lair:5   | Gained mutation: Your large and strong wings let you fly.
                  | [Gargoyle growth]
 13452 | Lair:5   | Reached XP level 14. HP: 73/90 MP: 14/21
 13456 | Lair:5   | 13456 ||| Stepping ~*~*~tactically~*~*~ (hiding).
 13476 | Lair:5   | 13476 ||| Stepping ~*~*~tactically~*~*~ (stealth).
 13486 | Lair:5   | Reached skill level 6 in Throwing
 13499 | Lair:5   | 13499 ||| Stepping ~*~*~tactically~*~*~ (stealth).
 13500 | Lair:5   | 13500 ||| Stepping ~*~*~tactically~*~*~ (stealth).
 13501 | Lair:5   | 13501 ||| Stepping ~*~*~tactically~*~*~ (stealth).
 13502 | Lair:5   | 13502 ||| Stepping ~*~*~tactically~*~*~ (stealth).
 13503 | Lair:5   | 13503 ||| Stepping ~*~*~tactically~*~*~ (stealth).
 13504 | Lair:5   | 13504 ||| INVOKING Heroism.
 13505 | Lair:5   | 13505 ||| SWAPPING to +3 flail of draining.
 13513 | Lair:5   | 13513 ||| SWAPPING to +8 broad axe of Upheaval {venom, rC+
                  | rN+ Dex-3}.
 13528 | Lair:5   | Received a gift from Okawaru
 13559 | Lair:5   | 13559 ||| INVOKING Heroism.
 13562 | Lair:5   | 13562 ||| INVOKING Finesse.
 13564 | Lair:5   | 13564 ||| SWAPPING to +3 flail of draining.
 13572 | Lair:5   | 13572 ||| SWAPPING to +8 broad axe of Upheaval {venom, rC+
                  | rN+ Dex-3}.
 13579 | Lair:5   | Received a gift from Okawaru
 13622 | Lair:5   | 13622 ||| INVOKING Heroism.
 13624 | Lair:5   | 13624 ||| INVOKING Finesse.
 13675 | Lair:5   | 13675 ||| READING scroll of enchant armour.
 13675 | Lair:5   | 13675 ||| ENCHANTING +1 cloak.
 13723 | Lair:5   | Received a gift from Okawaru
 13776 | Lair:5   | Found an iron altar of Okawaru.
 13998 | Lair:5   | 13998 ||| INVOKING Heroism.
 13999 | Lair:5   | 13999 ||| INVOKING Finesse.
 14018 | Lair:5   | Reached skill level 15 in Axes
 14059 | Lair:5   | Identified the +3 trident of Tenacity {freeze, Will+}
 14097 | Lair:5   | 14097 ||| Stepping ~*~*~tactically~*~*~ (stealth).
 14100 | Lair:5   | Received a gift from Okawaru
 14343 | Lair:5   | 14343 ||| PLANNING D
 14343 | Lair:5   | 14343 ||| READING scroll labelled VAOM BYEGGEGU.
 14344 | Lair:5   | 14344 ||| DRINKING 2 metallic sapphire potions.
 14477 | D:12     | 14477 ||| Stepping ~*~*~tactically~*~*~ (hiding).
 14479 | D:12     | 14479 ||| Stepping ~*~*~tactically~*~*~ (hiding).
 14493 | D:12     | 14493 ||| DROPPING +0 flail.
 14759 | D:12     | Noticed Fannar
 14770 | D:12     | Killed Fannar
 14775 | D:12     | Reached skill level 12 in Fighting
 14965 | D:12     | Found a staircase to the Orcish Mines.
 15074 | D:12     | Identified the +1 cloak of Death Resistance {Dex+7}
 15204 | D:12     | 15204 ||| INVOKING Heroism.
 15205 | D:12     | 15205 ||| INVOKING Finesse.
 15210 | D:12     | 15210 ||| SWAPPING to +3 flail of draining.
 15213 | D:12     | 15213 ||| SWAPPING to +8 broad axe of Upheaval {venom, rC+
                  | rN+ Dex-3}.
 15216 | D:12     | 15216 ||| SWAPPING to +3 flail of draining.
 15223 | D:12     | 15223 ||| Stepping ~*~*~tactically~*~*~ (hiding).
 15224 | D:12     | 15224 ||| SWAPPING to +8 broad axe of Upheaval {venom, rC+
                  | rN+ Dex-3}.
 15232 | D:12     | Identified the ring of Uppyar {Contam MP+9 Int+4 Stlth+}
 15254 | D:12     | Reached skill level 12 in Armour
 15276 | D:12     | 15276 ||| Stepping ~*~*~tactically~*~*~ (stealth).
 15278 | D:12     | 15278 ||| Stepping ~*~*~tactically~*~*~ (hiding).
 15295 | D:12     | Identified the +5 shortbow of Division {speed, rF+ rC+
                  | rCorr}
 15298 | D:12     | 15298 ||| INVOKING Heroism.
 15303 | D:12     | 15303 ||| Stepping ~*~*~tactically~*~*~ (hiding).
 15317 | D:12     | 15317 ||| INVOKING Finesse.
 15334 | D:12     | Received a gift from Okawaru
 15340 | D:12     | Reached XP level 15. HP: 71/96 MP: 17/22
 15358 | D:12     | 15358 ||| SWAPPING to +3 flail of draining.
 15381 | D:12     | 15381 ||| SWAPPING to +8 broad axe of Upheaval {venom, rC+
                  | rN+ Dex-3}.
 15401 | D:12     | Identified the +10 battleaxe "Seosius" {heavy, *Rage rC+
                  | Will+} (Okawaru gifted it to you on level 12 of the
                  | Dungeon)
 15401 | D:12     | Received a gift from Okawaru
 15403 | D:12     | Reached skill level 16 in Axes
 15404 | D:12     | 15404 ||| INVOKING Heroism.
 15434 | D:12     | 15434 ||| Stepping ~*~*~tactically~*~*~ (stealth).
 15435 | D:12     | 15435 ||| Stepping ~*~*~tactically~*~*~ (stealth).
 15437 | D:12     | 15437 ||| Stepping ~*~*~tactically~*~*~ (stealth).
 15438 | D:12     | 15438 ||| Stepping ~*~*~tactically~*~*~ (stealth).
 15439 | D:12     | Noticed Urug
 15442 | D:12     | 15442 ||| INVOKING Finesse.
 15461 | D:12     | 15461 ||| INVOKING Heroism.
 15466 | D:12     | Killed Urug
 15476 | D:12     | 15476 ||| FLEEEEING.
 15477 | D:12     | 15477 ||| FLEEEEING.
 15478 | D:12     | 15478 ||| FLEEEEING.
 15524 | D:12     | 15524 ||| Stepping ~*~*~tactically~*~*~ (stealth).
 15567 | D:12     | 15567 ||| READING scroll of enchant armour.
 15567 | D:12     | 15567 ||| ENCHANTING +0 plate armour of cold resistance.
 15632 | D:12     | 15632 ||| READING scroll of enchant armour.
 15632 | D:12     | 15632 ||| ENCHANTING +1 plate armour of cold resistance.
 15645 | D:12     | 15645 ||| Stepping ~*~*~tactically~*~*~ (hiding).
 15778 | D:12     | Identified the +1 scale mail "Otoofic" {Str+6}
 16057 | D:12     | 16057 ||| UPGRADING to +1 cloak of Death Resistance
                  | {Dex+7}.
 16067 | D:12     | 16067 ||| DROPPING +2 cloak.
 16068 | D:12     | 16068 ||| DROPPING orb of energy.
 16069 | D:12     | 16069 ||| UPGRADING to +0 kite shield.
 16079 | D:12     | 16079 ||| DROPPING +0 buckler.
 16080 | D:12     | 16080 ||| READING 2 scrolls labelled LUMNUZXI LELETS.
 16081 | D:12     | 16081 ||| DROPPING scroll of fear.
 16112 | D:13     | 16112 ||| STAIRDANCE
 16114 | D:12     | 16114 ||| INVOKING Heroism.
 16159 | D:13     | 16159 ||| Stepping ~*~*~tactically~*~*~ (hiding).
 16161 | D:13     | 16161 ||| INVOKING Heroism.
 16171 | D:13     | 16171 ||| Stepping ~*~*~tactically~*~*~ (stealth).
 16175 | D:13     | 16175 ||| Stepping ~*~*~tactically~*~*~ (stealth).
 16226 | D:13     | 16226 ||| Stepping ~*~*~tactically~*~*~ (stealth).
 16227 | D:13     | 16227 ||| Stepping ~*~*~tactically~*~*~ (stealth).
 16228 | D:13     | 16228 ||| Stepping ~*~*~tactically~*~*~ (stealth).
 16238 | D:13     | 16238 ||| Stepping ~*~*~tactically~*~*~ (hiding).
 16239 | D:13     | 16239 ||| INVOKING Heroism.
 16250 | D:13     | Reached skill level 9 in Shields
 16255 | D:13     | Received a gift from Okawaru
 16290 | D:13     | 16290 ||| FLEEEEING.
 16291 | D:13     | 16291 ||| FLEEEEING.
 16293 | D:13     | 16293 ||| FLEEEEING.
 16294 | D:13     | 16294 ||| FLEEEEING.
 16295 | D:13     | 16295 ||| Stepping ~*~*~tactically~*~*~ (hiding).
 16322 | D:13     | 16322 ||| Stepping ~*~*~tactically~*~*~ (stealth).
 16325 | D:13     | 16325 ||| Stepping ~*~*~tactically~*~*~ (hiding).
 16345 | D:13     | 16345 ||| Stepping ~*~*~tactically~*~*~ (stealth).
 16350 | D:13     | Received a gift from Okawaru
 16392 | D:13     | Found a gate to the Vaults.
 16425 | D:13     | 16425 ||| FLEEEEING.
 16426 | D:13     | 16426 ||| FLEEEEING.
 16427 | D:13     | 16427 ||| FLEEEEING.
 16428 | D:13     | 16428 ||| FLEEEEING.
 16429 | D:13     | 16429 ||| FLEEEEING.
 16492 | D:13     | 16492 ||| Stepping ~*~*~tactically~*~*~ (stealth).
 16494 | D:13     | 16494 ||| Stepping ~*~*~tactically~*~*~ (hiding).
 16762 | D:13     | Received a gift from Okawaru
 16769 | D:13     | 16769 ||| INVOKING Heroism.
 16781 | D:13     | Identified the +2 scale mail of the Armadillo {rCorr Str+2
                  | Int+3} (Okawaru gifted it to you on level 13 of the
                  | Dungeon)
 16781 | D:13     | Received a gift from Okawaru
 16782 | D:13     | 16782 ||| FLEEEEING.
 16783 | D:13     | 16783 ||| FLEEEEING.
 16784 | D:13     | 16784 ||| Stepping ~*~*~tactically~*~*~ (hiding).
 16785 | D:13     | 16785 ||| Stepping ~*~*~tactically~*~*~ (hiding).
 16786 | D:13     | 16786 ||| FLEEEEING.
 16788 | D:13     | 16788 ||| FLEEEEING.
 16837 | D:13     | 16837 ||| Stepping ~*~*~tactically~*~*~ (hiding).
 16841 | D:13     | 16841 ||| Stepping ~*~*~tactically~*~*~ (hiding).
 16976 | D:13     | Noticed an iron dragon
 16976 | D:13     | Noticed a fire giant
 16977 | D:13     | Found a runed translucent gate.
 16977 | D:13     | Found a runed translucent gate.
 16977 | D:13     | Found a runed translucent gate.
 16977 | D:13     | Found a runed translucent gate.
 16978 | D:13     | Found a runed translucent gate.
 16978 | D:13     | Found a runed translucent gate.
 16994 | D:13     | Reached skill level 12 in Shields
 16999 | D:13     | 16999 ||| Stepping ~*~*~tactically~*~*~ (hiding).
 17012 | D:13     | Reached XP level 16. HP: 80/101 MP: 23/23
 17192 | D:13     | Found a runed translucent door.
 17192 | D:13     | Noticed HilariousDeathArtist's ghost (journeyman VSBe)
 17193 | D:13     | Identified the +2 trident of Extinguishment {flame, Int+4}
 17194 | D:13     | 17194 ||| Stepping ~*~*~tactically~*~*~ (stealth).
 17529 | D:13     | 17529 ||| DROPPING +0 acid dragon scales.
 17624 | D:14     | Identified the +4 glaive of the Forgotten Teeth {pain, rC+
                  | Str+7}
 17657 | D:14     | Found Camm's Assorted Antiques.
 17663 | D:14     | 17663 ||| BUYING embroidered scarf (160 gold).
 17663 | D:14     | Bought an embroidered scarf for 160 gold pieces
 17663 | D:14     | 17663 ||| BUYING potion of haste (200 gold).
 17663 | D:14     | Bought a potion of haste for 200 gold pieces
 17663 | D:14     | 17663 ||| BUYING scroll of enchant armour (150 gold).
 17663 | D:14     | Bought a scroll of enchant armour for 150 gold pieces
 17663 | D:14     | 17663 ||| BUYING shiny chain mail (150 gold).
 17663 | D:14     | Bought a shiny chain mail for 150 gold pieces
 17663 | D:14     | 17663 ||| READING scroll of enchant armour.
 17663 | D:14     | 17663 ||| ENCHANTING +2 plate armour of cold resistance.
 17680 | D:14     | 17680 ||| Stepping ~*~*~tactically~*~*~ (hiding).
 17762 | D:14     | 17762 ||| Stepping ~*~*~tactically~*~*~ (stealth).
 17764 | D:14     | 17764 ||| Stepping ~*~*~tactically~*~*~ (stealth).
 17806 | D:14     | 17806 ||| Stepping ~*~*~tactically~*~*~ (hiding).
 17819 | D:14     | 17819 ||| Stepping ~*~*~tactically~*~*~ (hiding).
 17837 | D:14     | 17837 ||| Stepping ~*~*~tactically~*~*~ (hiding).
 17847 | D:14     | Reached ****** piety under Okawaru
 17855 | D:14     | 17855 ||| INVOKING Heroism.
 18125 | D:14     | 18125 ||| Stepping ~*~*~tactically~*~*~ (stealth).
 18128 | D:14     | 18128 ||| Stepping ~*~*~tactically~*~*~ (stealth).
 18129 | D:14     | Noticed Louise
 18130 | D:14     | 18130 ||| Stepping ~*~*~tactically~*~*~ (hiding).
 18137 | D:14     | 18137 ||| INVOKING Heroism.
 18139 | D:14     | 18139 ||| INVOKING Finesse.
 18202 | D:14     | 18202 ||| Stepping ~*~*~tactically~*~*~ (hiding).
 18205 | D:14     | Killed Louise
 18416 | D:14     | 18416 ||| Stepping ~*~*~tactically~*~*~ (hiding).
 18652 | D:14     | Found the +12 glaive of Prune {freeze, Prune}
 18699 | D:14     | 18699 ||| UPGRADING to +0 tower shield.
 18709 | D:14     | 18709 ||| DROPPING +0 kite shield.
 18710 | D:14     | 18710 ||| DROPPING +0 chain mail of cold resistance.
 18759 | D:15     | Entered Level 15 of the Dungeon
 19178 | D:15     | Found a staircase to the Depths.
 19179 | D:15     | 19179 ||| INVOKING Heroism.
 19305 | D:15     | 19305 ||| PLANNING ORC
 19378 | Orc:1    | Entered Level 1 of the Orcish Mines
 19491 | Orc:2    | Entered Level 2 of the Orcish Mines
 19603 | Orc:1    | 19603 ||| INVOKING Heroism.
 19614 | Orc:1    | Gained mutation: Your body sometimes deteriorates upon
                  | taking damage. [a neqoxec]
 19917 | Orc:2    | 19917 ||| DROPPING +3 flail of draining.
 19918 | Orc:2    | 19918 ||| DROPPING +1 heavy flail.
 19939 | Orc:2    | Found Zayl's Armour Shoppe.
 20051 | Orc:2    | 20051 ||| INVOKING Heroism.
 20124 | Orc:2    | 20124 ||| Stepping ~*~*~tactically~*~*~ (hiding).
 20125 | Orc:2    | 20125 ||| Stepping ~*~*~tactically~*~*~ (hiding).
 20126 | Orc:2    | 20126 ||| Stepping ~*~*~tactically~*~*~ (hiding).
 20132 | Orc:2    | 20132 ||| INVOKING Heroism.
 20162 | Orc:2    | Identified the +6 plate armour of Patterns {+Inv rPois rC-}
                  | (Okawaru gifted it to you on level 2 of the Orcish Mines)
 20162 | Orc:2    | Received a gift from Okawaru
 20174 | Orc:2    | 20174 ||| Stepping ~*~*~tactically~*~*~ (hiding).
 20175 | Orc:2    | 20175 ||| Stepping ~*~*~tactically~*~*~ (hiding).
 20190 | Orc:2    | 20190 ||| INVOKING Heroism.
 20266 | Orc:2    | Found Zemiffip's Antique Armour Boutique.
 20266 | Orc:2    | Found Ekkeimi Luwn's Antique Armour Shop.
 20267 | Orc:2    | Found Cacibb's Assorted Antiques.
 20271 | Orc:2    | Found Guyt Fuabu's Weapon Boutique.
 20274 | Orc:2    | 20274 ||| BUYING shiny chain mail (232 gold).
 20274 | Orc:2    | Bought a shiny chain mail for 232 gold pieces
 20274 | Orc:2    | 20274 ||| BUYING shiny chain mail (232 gold).
 20274 | Orc:2    | Bought a shiny chain mail for 232 gold pieces
 20276 | Orc:2    | 20276 ||| BUYING potion of enlightenment (150 gold).
 20276 | Orc:2    | Bought a potion of enlightenment for 150 gold pieces
 20276 | Orc:2    | 20276 ||| BUYING potion of heal wounds (150 gold).
 20276 | Orc:2    | Bought a potion of heal wounds for 150 gold pieces
 20277 | Orc:2    | 20277 ||| SHOPLISTING +2 shield of Resistance {rF++ rC++
                  | Will++} (2326 gold, have 835).
 20277 | Orc:2    | 20277 ||| BUYING pair of runed gloves (247 gold).
 20277 | Orc:2    | Bought a pair of runed gloves for 247 gold pieces
 20312 | Orc:2    | 20312 ||| Stepping ~*~*~tactically~*~*~ (stealth).
 20395 | Orc:2    | 20395 ||| FLEEEEING.
 20396 | Orc:2    | 20396 ||| FLEEEEING.
 20397 | Orc:2    | 20397 ||| FLEEEEING.
 20398 | Orc:2    | 20398 ||| FLEEEEING.
 20399 | Orc:2    | 20399 ||| FLEEEEING.
 20400 | Orc:2    | 20400 ||| FLEEEEING.
 20401 | Orc:2    | 20401 ||| FLEEEEING.
 20402 | Orc:2    | 20402 ||| FLEEEEING.
 20403 | Orc:2    | 20403 ||| FLEEEEING.
 20404 | Orc:2    | 20404 ||| FLEEEEING.
 20405 | Orc:2    | 20405 ||| FLEEEEING.
 20406 | Orc:2    | 20406 ||| FLEEEEING.
 20630 | Orc:2    | Found a staircase to the Elven Halls.
 20782 | Orc:2    | 20782 ||| PLANNING SWAMP:1-3
 20782 | Orc:2    | 20782 ||| DROPPING +2 chain mail of willpower.
 20783 | Orc:2    | 20783 ||| DROPPING +1 chain mail of cold resistance.
 20784 | Orc:2    | 20784 ||| DROPPING +1 pair of gloves.
 20954 | Swamp:1  | Entered Level 1 of the Swamp
 20954 | Swamp:1  | Noticed Mlioglotl
 20955 | Swamp:1  | 20955 ||| INVOKING Heroism.
 20956 | Swamp:1  | 20956 ||| INVOKING Finesse.
 20968 | Swamp:1  | Killed Mlioglotl
 21043 | Swamp:1  | 21043 ||| INVOKING Heroism.
 21077 | Swamp:1  | 21077 ||| Stepping ~*~*~tactically~*~*~ (hiding).
 21211 | Swamp:1  | 21211 ||| Stepping ~*~*~tactically~*~*~ (stealth).
 21212 | Swamp:1  | 21212 ||| INVOKING Heroism.
 21229 | Swamp:1  | Reached skill level 15 in Shields
 21312 | Swamp:1  | 21312 ||| INVOKING Heroism.
 21464 | Swamp:1  | 21464 ||| Stepping ~*~*~tactically~*~*~ (stealth).
 21465 | Swamp:1  | 21465 ||| Stepping ~*~*~tactically~*~*~ (stealth).
 21466 | Swamp:1  | 21466 ||| Stepping ~*~*~tactically~*~*~ (stealth).
 21468 | Swamp:1  | 21468 ||| Stepping ~*~*~tactically~*~*~ (stealth).
 21469 | Swamp:1  | 21469 ||| Stepping ~*~*~tactically~*~*~ (stealth).
 21660 | Swamp:1  | 21660 ||| UPGRADING to +5 ring of evasion.
 21662 | Swamp:1  | 21662 ||| UPGRADING to ring of willpower.
 21707 | Swamp:2  | Noticed a fenstrider witch
 21708 | Swamp:2  | 21708 ||| INVOKING Heroism.
 21711 | Swamp:2  | Killed a fenstrider witch
 21737 | Swamp:2  | 21737 ||| Stepping ~*~*~tactically~*~*~ (hiding).
 21738 | Swamp:2  | 21738 ||| Stepping ~*~*~tactically~*~*~ (hiding).
 21740 | Swamp:2  | 21740 ||| INVOKING Heroism.
 21780 | Swamp:2  | 21780 ||| Stepping ~*~*~tactically~*~*~ (stealth).
 21782 | Swamp:2  | 21782 ||| Stepping ~*~*~tactically~*~*~ (hiding).
 21788 | Swamp:2  | 21788 ||| INVOKING Heroism.
 21791 | Swamp:2  | 21791 ||| SWAPPING to +0 morningstar.
 21805 | Swamp:2  | 21805 ||| SWAPPING to +8 broad axe of Upheaval {venom, rC+
                  | rN+ Dex-3}.
 21838 | Swamp:2  | 21838 ||| INVOKING Heroism.
 21877 | Swamp:2  | 21877 ||| INVOKING Heroism.
 21878 | Swamp:2  | 21878 ||| SWAPPING to +0 morningstar.
 21881 | Swamp:2  | 21881 ||| SWAPPING to +8 broad axe of Upheaval {venom, rC+
                  | rN+ Dex-3}.
 22015 | Swamp:2  | 22015 ||| INVOKING Heroism.
 22053 | Swamp:2  | 22053 ||| Stepping ~*~*~tactically~*~*~ (hiding).
 22063 | Swamp:2  | Reached XP level 17. HP: 103/106 MP: 24/24
 22104 | Swamp:2  | 22104 ||| INVOKING Heroism.
 22201 | Swamp:2  | 22201 ||| FLEEEEING.
 22202 | Swamp:2  | 22202 ||| FLEEEEING.
 22203 | Swamp:2  | 22203 ||| FLEEEEING.
 22204 | Swamp:2  | 22204 ||| FLEEEEING.
 22205 | Swamp:2  | 22205 ||| FLEEEEING.
 22208 | Swamp:2  | 22208 ||| INVOKING Heroism.
 22212 | Swamp:2  | 22212 ||| Stepping ~*~*~tactically~*~*~ (cloud).
 22392 | Swamp:2  | 22392 ||| DROPPING ring of positive energy.
 22399 | Swamp:3  | 22399 ||| INVOKING Heroism.
 22414 | Swamp:3  | 22414 ||| Stepping ~*~*~tactically~*~*~ (stealth).
 22521 | Swamp:3  | 22521 ||| Stepping ~*~*~tactically~*~*~ (cloud).
 22589 | Swamp:3  | 22589 ||| Stepping ~*~*~tactically~*~*~ (hiding).
 22610 | Swamp:3  | Found the +3 greatsling "Punk" {acid, rCorr}
 22616 | Swamp:3  | 22616 ||| Stepping ~*~*~tactically~*~*~ (hiding).
 22619 | Swamp:3  | 22619 ||| INVOKING Heroism.
 22640 | Swamp:3  | 22640 ||| SWAPPING to +0 morningstar.
 22647 | Swamp:3  | 22647 ||| SWAPPING to +8 broad axe of Upheaval {venom, rC+
                  | rN+ Dex-3}.
 22675 | Swamp:3  | 22675 ||| INVOKING Heroism.
 22705 | Swamp:3  | 22705 ||| SWAPPING to +0 morningstar.
 22710 | Swamp:3  | 22710 ||| SWAPPING to +8 broad axe of Upheaval {venom, rC+
                  | rN+ Dex-3}.
 22716 | Swamp:3  | 22716 ||| Stepping ~*~*~tactically~*~*~ (hiding).
 22718 | Swamp:3  | 22718 ||| Stepping ~*~*~tactically~*~*~ (hiding).
 22721 | Swamp:3  | 22721 ||| Stepping ~*~*~tactically~*~*~ (hiding).
 22723 | Swamp:3  | 22723 ||| Stepping ~*~*~tactically~*~*~ (hiding).
 22724 | Swamp:3  | 22724 ||| Stepping ~*~*~tactically~*~*~ (hiding).
 22725 | Swamp:3  | 22725 ||| Stepping ~*~*~tactically~*~*~ (hiding).
 22826 | Swamp:3  | 22826 ||| FLEEEEING.
 22827 | Swamp:3  | 22827 ||| FLEEEEING.
 22829 | Swamp:3  | 22829 ||| FLEEEEING.
 22869 | Swamp:3  | 22869 ||| FLEEEEING.
 22881 | Swamp:3  | 22881 ||| INVOKING Heroism.
 22887 | Swamp:3  | Reached skill level 17 in Axes
 23080 | Swamp:3  | 23080 ||| SWAPPING to +0 morningstar.
 23087 | Swamp:3  | 23087 ||| SWAPPING to +8 broad axe of Upheaval {venom, rC+
                  | rN+ Dex-3}.
 23089 | Swamp:3  | 23089 ||| INVOKING Heroism.
 23095 | Swamp:3  | 23095 ||| Stepping ~*~*~tactically~*~*~ (cloud).
 23228 | Swamp:3  | 23228 ||| PLANNING SPIDER:1-3
 23314 | Spider:1 | Entered Level 1 of the Spider Nest
 23320 | Spider:1 | 23320 ||| FLEEEEING.
 23321 | Spider:1 | 23321 ||| FLEEEEING.
 23322 | Spider:1 | 23322 ||| STAIRDANCE
 23326 | Spider:1 | 23326 ||| STAIRDANCE
 23330 | Spider:1 | 23330 ||| STAIRDANCE
 23576 | Spider:1 | 23576 ||| Stepping ~*~*~tactically~*~*~ (stealth).
 23577 | Spider:1 | 23577 ||| Stepping ~*~*~tactically~*~*~ (stealth).
 23636 | Spider:1 | 23636 ||| Stepping ~*~*~tactically~*~*~ (hiding).
 23637 | Spider:1 | 23637 ||| Stepping ~*~*~tactically~*~*~ (stealth).
 23649 | Spider:1 | 23649 ||| Stepping ~*~*~tactically~*~*~ (stealth).
 23660 | Spider:1 | 23660 ||| Stepping ~*~*~tactically~*~*~ (hiding).
 23827 | Spider:1 | 23827 ||| Stepping ~*~*~tactically~*~*~ (stealth).
 23839 | Spider:1 | 23839 ||| Stepping ~*~*~tactically~*~*~ (stealth).
 23851 | Spider:1 | 23851 ||| Stepping ~*~*~tactically~*~*~ (stealth).
 23852 | Spider:1 | 23852 ||| Stepping ~*~*~tactically~*~*~ (stealth).
 23906 | Spider:1 | Received a gift from Okawaru
 24021 | Spider:1 | 24021 ||| Stepping ~*~*~tactically~*~*~ (stealth).
 24042 | Spider:1 | 24042 ||| Stepping ~*~*~tactically~*~*~ (stealth).
 24043 | Spider:1 | 24043 ||| Stepping ~*~*~tactically~*~*~ (stealth).
 24044 | Spider:1 | 24044 ||| Stepping ~*~*~tactically~*~*~ (stealth).
 24045 | Spider:1 | 24045 ||| Stepping ~*~*~tactically~*~*~ (stealth).
 24087 | Spider:1 | Identified the +4 glaive "Maethiwn" {freeze, Fragile rElec
                  | rF+ Str+4}
 24096 | Spider:1 | 24096 ||| Stepping ~*~*~tactically~*~*~ (hiding).
 24111 | Spider:1 | Received a gift from Okawaru
 24257 | Spider:1 | 24257 ||| Stepping ~*~*~tactically~*~*~ (stealth).
 24295 | Spider:1 | 24295 ||| INVOKING Heroism.
 24636 | Spider:2 | 24636 ||| Stepping ~*~*~tactically~*~*~ (hiding).
 24658 | Spider:2 | 24658 ||| Stepping ~*~*~tactically~*~*~ (stealth).
 25256 | Spider:2 | 25256 ||| INVOKING Heroism.
 25793 | Spider:3 | 25793 ||| INVOKING Finesse.
 25854 | Spider:3 | 25854 ||| INVOKING Heroism.
 25861 | Spider:3 | Received a gift from Okawaru
 26162 | Spider:3 | Reached XP level 18. HP: 114/114 MP: 25/25
 26162 | Spider:3 | 26162 ||| Stepping ~*~*~tactically~*~*~ (stealth).
 26163 | Spider:3 | 26163 ||| DROPPING +0 morningstar.
 26270 | Spider:3 | 26270 ||| PLANNING SWAMP:4
 26447 | Swamp:4  | Entered Level 4 of the Swamp
 26448 | Swamp:4  | 26448 ||| INVOKING Heroism.
 26451 | Swamp:4  | 26451 ||| Stepping ~*~*~tactically~*~*~ (hiding).
 26466 | Swamp:4  | 26466 ||| STAIRDANCE
 26599 | Swamp:4  | 26599 ||| INVOKING Heroism.
 26671 | Swamp:4  | Reached skill level 18 in Axes
 26709 | Swamp:4  | 26709 ||| INVOKING Heroism.
 26719 | Swamp:4  | HP: 27/114 [will-o-the-wisp/foxfire (5)]
 26720 | Swamp:4  | 26720 ||| READING 9 scrolls of teleportation.
 26722 | Swamp:4  | Received a gift from Okawaru
 26725 | Swamp:4  | HP: 27/114 [seven-headed hydra (7)]
 26726 | Swamp:4  | 26726 ||| READING 8 scrolls of teleportation.
 26727 | Swamp:4  | 26727 ||| DRINKING 5 potions of heal wounds.
 26745 | Swamp:4  | 26745 ||| INVOKING Heroism.
 26757 | Swamp:4  | HP: 13/114 [nine-headed hydra (18)]
 26758 | Swamp:4  | 26758 ||| READING 7 scrolls of teleportation.
 26758 | Swamp:4  | Slain by an eight-headed hydra

Levels and vault maps discovered:
D:1:      kennysheep_arrival_forest, layout_rooms,
          hellmonk_ecumenical_altar_inner_sanctum, serial_bayou_pond_d
D:2:      minmay_skewed_foursquare, layout_rooms, minmay_indecisive_spiral,
          uniq_crazy_yiuf_cottage
D:3:      layout_loops_corners, mainiacjoe_overflow_brackets,
          kiku_gazebo_garden_becter, minmay_misc_feat_diagonals, st_stairs_3,
          uniq_natasha, uniq_jessica, uniq_robin, uniq_sigmund, uniq_terence
D:4:      layout_loops_ring, mainiacjoe_overflow_alcove_2, nicolae_wormholes
D:5:      layout_rooms, mainiacjoe_overflow_tiny_flanked, enter_ossuary_4,
          grunt_ministairs_9, uniq_edmund, uniq_grinder
D:6:      layout_cave_pods, gup_sewer_entry_glass
D:7:      layout_cave_pools, lemuel_crystal_altar,
          minmay_temple_entry_sparse_star
D:8:      layout_basic
D:9:      layout_rooms, minmay_protected_statue
D:10:     layout_roguey, serial_corexii_hall, corexii_hall_statues_l,
          corexii_hall_statues_l, minmay_fire_ice_demons
D:11:     layout_loops_ring, dpeg_oklobed_lair, makhleb_altar_promises_db
D:12:     minmay_the_grid_square_5x5_5x5_mashed
          [minmay_the_grid_square_5x5_inset, minmay_the_grid_square_5x5_dogpile,
          minmay_the_grid_square_5x5_tri_point,
          minmay_the_grid_square_5x5_minivault, minmay_the_grid_square_5x5_tie,
          minmay_the_grid_square_5x5_minimal,
          minmay_the_grid_square_5x5_prize_monsterx,
          minmay_the_grid_square_5x5_three_walls,
          minmay_the_grid_square_5x5_prize_open,
          minmay_the_grid_square_5x5_gyroscope,
          minmay_the_grid_square_5x5_sharp_hourglass,
          minmay_the_grid_square_5x5_misaligned,
          minmay_the_grid_square_5x5_prize_waves,
          minmay_the_grid_square_5x5_spiral, minmay_the_grid_square_5x5_inner_z,
          minmay_the_grid_square_5x5_n_small,
          minmay_the_grid_square_5x5_prize_junk, minmay_the_grid_square_5x5_meh,
          minmay_the_grid_square_5x5_prize_rear_guard,
          minmay_the_grid_square_5x5_shuriken,
          minmay_the_grid_square_5x5_beaten_path,
          minmay_the_grid_square_5x5_two_walls_b,
          minmay_the_grid_square_5x5_fat_x,
          minmay_the_grid_square_5x5_fancy_junction,
          minmay_the_grid_square_5x5_mess], layout_basic, orc_0_dummy,
          uniq_fannar, uniq_urug
D:13:     kennysheep_treasure_stockpile, layout_rooms,
          hangedman_vaults_entry_quadrant_bands, ebering_ghost_funeral_grove,
          minmay_bent
D:14:     layout_loops_corners, wad_floor_pattern_untrapped, serial_shops, shop,
          minmay_guarded_unrand_prune, uniq_louise
D:15:     hangedman_depths_entry_try_elsewhere_first, layout_loops_ring,
          nicolae_titane
Temple:   bh_familiar_temple
Lair:1:   kb_forest_paths, layout_regular_city
Lair:2:   layout_loops_ring, minmay_swamp_entry_eels,
          hellmonk_spider_entry_not_the_bees, dreamdust_wasp_nest,
          lemuel_fruit_fields
Lair:3:   layout_hall_layers
Lair:4:   layout_gridlike, slime_entry_1, uniq_kirke
Lair:5:   gammafunk_lair_ancient_temple, layout_loops_ring, basic_altar,
          columned_hall_lemuel, serial_bayou_shore_a, uniq_sonja
Swamp:1:  layout_basic_swamp, hangedman_swamp_blocks, infiniplex_staircase_pool,
          uniq_mlioglotl
Swamp:2:  layout_basic_swamp, evilmike_swamp_ruin_wall, swamp_pool2,
          infiniplex_staircase_pool_2
Swamp:3:  layout_basic_swamp, hangedman_swamp_ruin_wall,
          nicolae_swamp_some_circles
Swamp:4:  swamp_old_school, layout_basic_swamp, nzn_swamp_dancing_lights
Spider:1: layout_spider_delve
Spider:2: layout_cave_pods
Spider:3: layout_spider_delve
Orc:1:    layout_caves
Orc:2:    st_orc_mages, layout_caves, serial_shops,
          nicolae_shop_pleasant_corner_grove

Skill      XL: |  1  2  3  4  5  6  7  8  9 10 11 12 13 14 15 16 17 18 |
---------------+-------------------------------------------------------+-----
Axes           | 2 3 4 5 6 7 8 9 10 12 13 14 15 16 17 18 | 18.0
Dodging        | 1 2 3 4 5 |  5.0
Fighting       | 4 5 7 8 10 11 12 13 | 13.0
Armour         | 4 6 7 8 9 10 11 12 13 | 13.0
Throwing       | 1 2 3 5 6 7 |  7.0
Shields        | 4 5 6 7 12 16 17 | 17.8
Invocations    | 3 4 7 10 | 10.0

Action                     |  1- 3 |  4- 6 |  7- 9 | 10-12 | 13-15 | 16-18 || total
---------------------------+-------+-------+-------+-------+-------+-------++-------
  Melee: War axe           |    85 |   127 |   275 |   119 |       |       ||   606
         Broad axe         |       |       |       |   286 |   735 |   996 ||  2017
         Flail             |       |       |       |    15 |    44 |       ||    59
         Morningstar       |       |       |       |       |       |    30 ||    30
  Throw: Javelin           |       |       |    49 |    47 |    76 |   208 ||   380
         Boomerang         |       |       |       |    36 |    18 |       ||    54
 Invoke: Heroism           |       |       |       |    31 |    24 |    31 ||    86
         Finesse           |       |       |       |       |     8 |     3 ||    11
    Use: Potion            |     2 |     1 |     6 |     2 |     1 |     1 ||    13
         Scroll            |     1 |     4 |    18 |     6 |     5 |     4 ||    38
   Stab: Petrified         |       |       |       |       |     2 |       ||     2
 Armour: Scale mail        |    61 |    47 |    26 |       |       |       ||   134
         Plate armour      |       |       |   177 |   240 |   423 |   504 ||  1344
  Dodge: Dodged            |    50 |    40 |    84 |   143 |   212 |   337 ||   866
  Block: Buckler           |    19 |    19 |    58 |    99 |    92 |       ||   287
         Kite shield       |       |       |       |       |    96 |    70 ||   166
         Tower shield      |       |       |       |       |       |   782 ||   782

Table legend:
 A = Non-vault XP
 B = Vault XP
 C = Vault XP percentage of total XP
 D = Non-vault monster count
 E = Vault monster count
 F = Vault count percentage of total count
                 A         B        C        D         E       F
            +---------+---------+-------+---------+---------+-------
      Total |  166365 |   90539 |  35.2 |     656 |     286 |  30.4
            +---------+---------+-------+---------+---------+-------
        D:1 |      46 |       0 |   0.0 |      27 |       0 |   0.0
        D:2 |     202 |      25 |  11.0 |      28 |       9 |  24.3
        D:3 |     169 |     366 |  68.4 |      17 |      19 |  52.8
        D:4 |     143 |       5 |   3.4 |      17 |       1 |   5.6
        D:5 |    1087 |     443 |  29.0 |      22 |       7 |  24.1
        D:6 |     822 |      31 |   3.6 |      22 |       7 |  24.1
        D:7 |    2136 |       0 |   0.0 |      29 |       0 |   0.0
        D:8 |    1981 |       0 |   0.0 |      25 |       0 |   0.0
        D:9 |    1282 |       0 |   0.0 |       9 |       0 |   0.0
       D:10 |    2735 |      60 |   2.1 |      17 |       2 |  10.5
       D:11 |    2134 |    1144 |  34.9 |      17 |       2 |  10.5
       D:12 |    3991 |   29878 |  88.2 |      17 |      66 |  79.5
       D:13 |    3145 |   22408 |  87.7 |      11 |      42 |  79.2
       D:14 |    9725 |    6207 |  39.0 |      25 |       9 |  26.5
       D:15 |    1545 |    2632 |  63.0 |       3 |       4 |  57.1
     Lair:1 |    7444 |    4238 |  36.3 |      31 |      16 |  34.0
     Lair:2 |    7314 |    2463 |  25.2 |      17 |      15 |  46.9
     Lair:3 |    7399 |       0 |   0.0 |      22 |       0 |   0.0
     Lair:4 |    2977 |    2026 |  40.5 |       9 |       4 |  30.8
     Lair:5 |   11575 |   10132 |  46.7 |      36 |      19 |  34.5
    Swamp:1 |    7756 |    1846 |  19.2 |      20 |       1 |   4.8
    Swamp:2 |   14037 |       0 |   0.0 |      34 |       0 |   0.0
    Swamp:3 |   20187 |       0 |   0.0 |      37 |       0 |   0.0
    Swamp:4 |   10551 |     801 |   7.1 |      18 |       2 |  10.0
   Spider:1 |   20814 |       0 |   0.0 |      55 |       0 |   0.0
   Spider:2 |    9890 |       0 |   0.0 |      22 |       0 |   0.0
   Spider:3 |    9784 |       0 |   0.0 |      21 |       0 |   0.0
      Orc:1 |    2603 |       0 |   0.0 |      17 |       0 |   0.0
      Orc:2 |    2891 |    5523 |  65.6 |      31 |      39 |  55.7
      Sewer |       0 |     155 | 100.0 |       0 |       6 | 100.0
    Ossuary |       0 |     156 | 100.0 |       0 |      16 | 100.0
            +---------+---------+-------+---------+---------+-------
